 Dungeon Crawl Stone Soup version 0.31-a0-765-g67fe2935dc (webtiles) character file.

Game seed: 18304087750700408803

141 senseless the Changeling (level 5, -13/34 HPs)
             Began as an Octopode Shapeshifter on Sept 15, 2023.
             Mangled by an ogre
             ... wielding a +0 giant club
              (28 damage)
             ... on level 3 of the Dungeon.
             The game lasted 00:05:04 (1679 turns).

senseless the Changeling (Octopode Shapeshifter)    Turns: 1679, Time: 00:05:04

Health: -13/34     AC:  1    Str: 13 (14) XL:     5   Next: 24%
Magic:  5/5        EV: 13    Int:  9 (12) God:
Gold:   155        SH:  0    Dex: 10 (13) Spells: 4/4 levels left

rFire   . .          .
                       - Unarmed
rCold   . . .        (no shield)
rNeg    . . .        (helmet currently unavailable)
rPois   .            h - amulet of faith
rElec   .            (no ring)
rCorr   .            (no ring)
SInv    .            (no ring)
Will    .....        (no ring)
Stlth   ++           (no ring)
HPRegen 0.25/turn    (no ring)
MPRegen 0.09/turn    (no ring)
                     (no ring)

%: faith
@: beast-form
A: beast (slay +2), almost no armour, amphibious, 8 rings, camouflage 1,
gelatinous body 1, (nimble swimmer 1), tentacles
a: Begin Untransformation


You were on level 3 of the Dungeon.
You were a hulking beast.
You visited 1 branch of the dungeon, and saw 3 of its levels.

You collected 155 gold pieces.

Inventory:

Hand Weapons
 a - a +0 sling
Missiles
 k - a poisoned dart
Jewellery
 h - an amulet of faith (around mantle)
Talismans
 b - a beast talisman (active)
 c - a flux talisman
Wands
 d - a wand of polymorph (3)
 j - a wand of mindburst (11)
Scrolls
 e - 3 scrolls of teleportation {unknown}
 g - a scroll of enchant weapon {unknown}
 i - a scroll of fear {unknown}
 m - a scroll of poison {unknown}
Potions
 f - 2 potions of lignification
 l - a potion of curing {unknown}


   Skills:
 + Level 2.2 Fighting
 + Level 2.8 Dodging
 + Level 3.7 Unarmed Combat
 * Level 4.1 Shapeshifting


You had 4 spell levels left.
You didn't know any spells.
Your spell library contained the following spells:

 Spells                   Type           Power      Damage    Failure   Level
 Lesser Beckoning         Tloc           0%         N/A       52%         2
 Poisonous Vapours        Pois/Air       0%         N/A       52%         2
 Gell's Gravitas          Tloc           0%         N/A       77%         3
 Mephitic Cloud           Conj/Pois/Air  0%         N/A       77%         3
 Teleport Other           Tloc           0%         N/A       77%         3
 Manifold Assault         Tloc           0%         N/A       99%         4
 Freezing Cloud           Conj/Ice/Air   0%         6-21      100%        5
 Dispersal                Tloc           0%         N/A       100%        6
 Disjunction              Tloc           0%         N/A       100%        8


Dungeon Overview and Level Annotations

Branches:
Dungeon (3/15)

Altars:
Zin


Innate Abilities, Weirdness & Mutations

You are a hulking beast.
Your limbs bulge with bestial killing power. (Slay +2)
You cannot wear most types of armour.
You are amphibious.
You can wear up to eight rings at the same time.
Your skin changes colour to match your surroundings (Stealth+).
Your rubbery body absorbs attacks. (AC +1, EV +1)
((You are camouflaged when in or above water. (Stealth+)))
You have tentacles for arms and can constrict up to eight enemies at once.


Message History

You add the spells Poisonous Vapours, Mephitic Cloud and Freezing Cloud to your library.
Found a stone staircase leading up.
There is a shaft here.
l - a glowing cyan potion
m - a scroll labelled ZULOSH LICIPH An ogre comes into view.
It is wielding a +0 giant club.
Throw: 5 darts (poison)
Press: ? - help, Shift-Dir - straight line, f - ogre
Aim: an ogre, wielding a +0 giant club (asleep, 98% to hit)
You throw a poisoned dart. The poisoned dart hits the ogre.
The ogre is poisoned.
Throw: 4 darts (poison)
Press: ? - help, Shift-Dir - straight line, f/p - ogre
Aim: an ogre, wielding a +0 giant club (lightly wounded, poisoned, 73% to hit)
You throw a poisoned dart.
The poisoned dart closely misses the ogre.
Throw: 3 darts (poison)
Press: ? - help, Shift-Dir - straight line, f/p - ogre
Aim: an ogre, wielding a +0 giant club (lightly wounded, poisoned, 72% to hit)
You throw a poisoned dart. The poisoned dart hits the ogre.
The ogre is lightly wounded.
Throw: 2 darts (poison)
Press: ? - help, Shift-Dir - straight line, f/p - ogre
Aim: an ogre, wielding a +0 giant club (lightly wounded, poisoned, 73% to hit)
You throw a poisoned dart. The poisoned dart hits the ogre.
The ogre looks even sicker.
The ogre is lightly wounded.
You are now empty-tentacled.
You completely miss the ogre.
The ogre is moderately wounded.
The ogre hits you with a +0 giant club!!
Ouch! That really hurt!
You barely miss the ogre.
The ogre is moderately wounded.
You tentacle-slap the ogre but do no damage.
You squeeze the ogre.
The ogre is moderately wounded.
The ogre hits you with a +0 giant club!!
Ouch! That really hurt!
You die...

#.# #.## ## #.# #... >
... #..# #.#.# #
####..# .#.# ........
...# ##.#...# ###.###
#......#########.....##
#..h......##......^#
#.O#####..#..^......
#.. ###..#.....>... #.(
#<.....^....).† #(.
#.####......^^. ...
#...##........^ .#(#
###.###^...^..# .(.
#..###.....## ##.#
##..###


You could see an ogre (very poisoned).

Vanquished Creatures
  Jessica (D:2)
  Terence (D:2)
  3 adders
  3 worms (D:3)
  3 dart slugs
  4 orcs (D:3)
  5 endoplasms
  A giant cockroach (D:2)
  3 goblins
  3 hobgoblins
  3 kobolds (D:2)
  4 quokkas
  4 ball pythons
  4 frilled lizards
  4 rats
46 creatures vanquished.

Notes
Turn   | Place    | Note
-------+----------+-------------------------------------------
     0 | D:1      | senseless the Octopode Shapeshifter began the quest for the
                  | Orb.
     0 | D:1      | Reached XP level 1. HP: 13/13 MP: 1/1
    39 | D:1      | Reached XP level 2. HP: 3/18 MP: 2/2
   401 | D:2      | Noticed Jessica
   403 | D:2      | Killed Jessica
   404 | D:2      | Reached XP level 3. HP: 23/23 MP: 3/3
   754 | D:2      | Reached XP level 4. HP: 25/29 MP: 4/4
   787 | D:2      | Noticed Terence
   803 | D:2      | Killed Terence
  1403 | D:3      | Found a glowing silver altar of Zin.
  1442 | D:3      | Reached skill level 4 in Shapeshifting
  1442 | D:3      | Reached XP level 5. HP: 34/34 MP: 5/5
  1671 | D:3      | Noticed an ogre
  1679 | D:3      | Mangled by an ogre

Illustrated notes

Levels and vault maps discovered:
D:1:      co_arrival_square_in_a_square_in_a_square, layout_rooms
D:2:      layout_basic, uniq_terence, uniq_jessica
D:3:      layout_loops_ring, mainiacjoe_overflow_paths, grunt_decor_clamped,
          nicolae_wormholes, uniq_ijyb

Skill      XL: |  1  2  3  4 |
---------------+-------------+-----
Fighting       | 2 |  2.2
Shapeshifting  | 4 |  4.1
Dodging        | |  2.8
Unarmed Combat | |  3.7

Action                     |  1- 3 |  4- 6 || total
---------------------------+-------+-------++-------
  Melee: Unarmed           |    22 |    29 ||    51
         Constrict         |     6 |     5 ||    11
         Tentacles         |     5 |     3 ||     8
   Fire: Sling             |    38 |    56 ||    94
  Throw: Dart              |       |     4 ||     4
    Use: Scroll            |       |     1 ||     1
         Potion            |       |     1 ||     1
   Stab: Sleeping          |     2 |       ||     2
 Armour: Skin              |    10 |    14 ||    24
  Dodge: Dodged            |     6 |    22 ||    28

Table legend: (Time is in decaauts)
 A = Elapsed time spent in this place.
 B = Non-inter-level travel time spent in this place.
 C = Inter-level travel time spent in this place.
 D = Time resting spent in this place.
 E = Time spent auto-exploring this place.
 F = Levels seen in this place.
 G = Mean time per level.
                   A        B        C        D        E       F      G
               +--------+--------+--------+--------+--------+-----+--------+
         Total |   1694 |   1544 |    150 |     63 |   1153 |   3 |  564.7 |
       Dungeon |   1694 |   1544 |    150 |     63 |   1153 |   3 |  564.7 |
               +--------+--------+--------+--------+--------+-----+--------+

Top non-repeatable levels by time:
     D:2: 891 daAuts
     D:1: 429 daAuts
     D:3: 373 daAuts
